Map: Ruins of Endion

Players

Aggression - Winner!

  • Race: Terran Terran
  • League: Master

Miszu

  • Race: Terran Terran
  • League: Master

VOD

Have the link to the VOD?

Description

Time

  • Played on: April 8, 2016, 11:36 a.m.
  • Length: 4:02
Show
View Real Time Build Order
Export as new Build Order

Aggression Terran - Winner!

Build Orders: 1/1/1, Liberator Opening 

Get SALT Encoding   

  12  0:00  SCV  
  13  0:12  SCV  
  14  0:17  Supply Depot  
  14  0:25  SCV  
  14  0:28  Refinery  
  15  0:39  SCV  
  16  0:45  Barracks  
  16  0:51  SCV  
  16  0:56  Refinery  
  17  1:03  SCV  
  18  1:15  SCV  
  19  1:32  Factory, Orbital Command  
  19  1:35  Reaper  
  20  1:45  Supply Depot  
  20  1:57  SCV  
  21  2:07  Reaper  
  22  2:12  SCV  
  23  2:17  Starport  
  23  2:18  Hellion  
  25  2:24  SCV  
  25  2:26  Supply Depot  
  26  2:36  SCV, Liberator  
  27  2:42  Reaper, Factory Tech Lab  
  28  2:50  SCV  
  32  2:59  Engineering Bay  
  32  3:02  SCV  
  33  3:14  SCV  
  33  3:15  Cyclone  
  37  3:21  Barracks Reactor  
  37  3:26  Supply Depot, SCV  
  38  3:38  SCV  
Show
View Real Time Build Order
Export as new Build Order

Miszu Terran 

Build Orders: 1/1/1 

Get SALT Encoding   

  12  0:00  SCV  
  13  0:13  SCV  
  14  0:19  Supply Depot  
  14  0:26  SCV  
  15  0:29  Refinery  
  15  0:41  SCV  
  16  0:45  Barracks  
  16  0:53  SCV  
  17  1:05  SCV  
  18  1:17  SCV  
  19  1:29  SCV  
  20  1:35  Factory, Marine  
  21  1:41  Orbital Command  
  21  1:47  Supply Depot  
  21  1:52  Marine  
  22  2:07  SCV  
  23  2:10  Marine  
  24  2:19  SCV  
  24  2:21  Starport  
  24  2:22  Hellion  
  27  2:26  Supply Depot  
  27  2:28  Marine  
  28  2:32  SCV  
  29  2:42  Refinery  
  29  2:44  SCV  
  30  2:46  Marine  
  30  2:47  Hellion  
  33  2:56  SCV  
  33  2:58  Medivac  
  36  3:00  Engineering Bay  
  36  3:04  Supply Depot, Marine  
  37  3:09  SCV  
  38  3:21  SCV  
  38  3:25  Marine  
  38  3:26  Hellion  
  38  3:27  Supply Depot  
  44  3:36  SCV  
  45  3:43  Marine  
Tags
 
Add a new tag
Caveats
  • Supply blocks, unpowered buildings, or Contaminate may cause inaccurate times.
  • Supply counts are checked every 10 seconds.